 Dungeon Crawl Stone Soup version 0.17-a0-1141-g3e25b61 (webtiles) character file.

75390 nuthulu the Bludgeoner (level 15, -5/139 HPs)
             Began as a Minotaur Berserker on May 26, 2015.
             Was the Champion of Trog.
             Killed by divine providence
             ... invoked by an orc priest
              (8 damage)
             ... on level 4 of the Orcish Mines.
             The game lasted 01:38:17 (20206 turns).

nuthulu the Bludgeoner (Minotaur Berserker)        Turns: 20206, Time: 01:38:17

Health: -5/139     AC: 23    Str: 25    XL:     15   Next: 9%
Magic:  13/14      EV: 11    Int:  4    God:    Trog [******]
Gold:   1521       SH:  0    Dex: 17    Spells: 0 memorised, 14 levels left

rFire  . . .     SeeInvis .     o - +7 great mace "Undeadhunter" {disrupt, rN+}
rCold  + + .     Clarity  .     d - +1 plate armour {rPois}
rNeg   + + +     SustAt   .     (no shield)
rPois  +         Gourm    .     (helmet restricted)
rElec  +         Spirit   .     I - +1 cloak {MR+}
rCorr  .         Warding  .     (no gloves)
rMut   .         NoTele   +     t - +2 pair of boots
MR     ++...                    a - amulet of Guf Xoc {Faith -Tele +Fly rElec rN++}
Stlth  ..........               L - ring of the Traitor {+Inv rC++ Stlth+}
                                A - +4 ring of dexterity

@: exhausted, very slightly contaminated, slowed, invisible, very slow, very
resistant to hostile enchantments, extremely unstealthy
A: retaliatory headbutt, horns 2
a: Burn Spellbooks, Berserk, Trog's Hand, Brothers in Arms, Renounce Religion,
Turn Visible, Evoke Flight


You were on level 4 of the Orcish Mines.
You worshipped Trog.
Trog was exalted by your worship.
You were very hungry.

You visited 3 branches of the dungeon, and saw 22 of its levels.

You collected 3242 gold pieces.
You spent 1721 gold pieces at shops.

Inventory:

Hand weapons
 b - a +3 antimagic mace
 l - the +3 demon whip "Qubidac" {flame, *Rage rElec rF+ Dex+5}
   (You acquired it on level 7 of the Dungeon)

   It has been specially enchanted to burn those struck by it, causing extra
   injury to most foes and up to half again as much damage against particularly
   susceptible opponents.
   It affects your dexterity (+5).
   It protects you from fire.
   It insulates you from electricity.
   It may make you go berserk in combat.
 o - the +7 great mace "Undeadhunter" (weapon) {disrupt, rN+}
   (You found it on level 3 of the Orcish Mines)

   It protects you from negative energy.
 s - the +8 Wrath of Trog {antimagic, *Rage}
   (You found it on level 3 of the Orcish Mines)

   It disrupts the flow of magical energy around spellcasters and certain
   magical creatures (including the wielder).
   It may make you go berserk in combat.
 y - a +2 flail of holy wrath
 F - a +2 antimagic demon whip
 O - a +1 eveningstar of protection
 T - a +2 morningstar of protection
Armour
 d - a +1 plate armour of poison resistance (worn)
 f - a +1 large shield
 t - a +2 pair of boots (worn)
 I - a +1 cloak of magic resistance (worn)
Jewellery
 a - the amulet of Guf Xoc (around neck) {Faith -Tele +Fly rElec rN++}
   (You bought it in a shop on level 1 of the Orcish Mines)

   [amulet of faith]

   It allows you to gain divine favour quickly.
   It insulates you from electricity.
   It greatly protects you from negative energy.
   It lets you fly.
   It prevents most forms of teleportation.
 j - an uncursed amulet of resist corrosion
 k - an uncursed amulet of clarity
 A - a +4 ring of dexterity (left hand)
 L - the ring of the Traitor (right hand) {+Inv rC++ Stlth+}
   (You bought it in a shop on level 1 of the Orcish Mines)

   [ring of invisibility]

   It greatly protects you from cold.
   It lets you turn invisible.
   It makes you more stealthy.
 M - an uncursed amulet of regeneration
Magical devices
 n - a wand of lightning (7)
 u - a wand of enslavement (15)
 C - a wand of draining (8)
 E - a wand of polymorph (5)
 P - a wand of confusion (22)
 Q - a wand of digging (5)
 R - a wand of cold (5)
 S - a wand of slowing (35)
Scrolls
 m - 11 scrolls of remove curse
 v - a scroll of torment {unknown}
 z - 2 scrolls of blinking
 B - 3 scrolls of fog
 D - 3 scrolls of teleportation
 G - 2 scrolls of magic mapping
 J - 3 scrolls of recharging
 K - 2 scrolls of immolation {unknown}
 N - a scroll of identify
 U - 2 scrolls of vulnerability {unknown}
 V - a scroll of brand weapon {unknown}
 W - a scroll of fear {unknown}
Potions
 e - 8 potions of curing
 p - 6 potions of haste
 r - a potion of might
 w - a potion of resistance
 x - a potion of invisibility
 H - 2 potions of flight
 Y - a potion of agility
Comestibles
 c - 8 bread rations
 g - 7 meat rations
 h - 8 slices of pizza
 i - 16 fruits
 q - 8 royal jellies
 X - 2 chunks of flesh


   Skills:
 + Level 14.8 Fighting
 - Level 1.9(11.7) Axes
 * Level 17.2 Maces & Flails
 * Level 13.1 Armour
 - Level 6.5 Dodging
 - Level 1.0 Stealth
 - Level 16.0 Shields


You had 14 spell levels left.
You didn't know any spells.

Dungeon Overview and Level Annotations

Branches:
Dungeon (10/15)            Temple (0/1) D:6            Lair (8/8) D:10
  Swamp (0/4) Lair:4        Snake (0/4) Lair:3        Slime (0/6) Lair:8
    Orc (4/4) D:10            Elf (0/3) Orc:3

Altars:
Ashenzari
Nemelex Xobeh
Okawaru
Ru
Sif Muna
The Shining One
Beogh
Jiyva

Shops:
D:6 !   D:7 *   Orc:1 =   Orc:4 :


Innate Abilities, Weirdness & Mutations

You reflexively headbutt those who attack you in melee.
You have a pair of horns on your head.


Message History

Your troll bites the orc warrior!
The orc warrior dies!
Trog accepts your kill. The orc barely misses your troll.
The orc priest barely misses your troll. x2
Your troll bites the orc priest!!
The orc priest dies!
Trog accepts your kill.
Your troll bites the orc!
The orc dies!
Trog accepts your kill. The orc priest hits your troll.
The orc priest barely misses your troll.
Your troll completely misses the orc priest.
Your troll claws the orc priest but does no damage. x2
The orc priest hits your troll but does no damage.
The orc hits your troll but does no damage.
The orc priest mumbles some strange prayers to Beogh against you.
Something smites you!
You die...

.....................#
....ooo......)......##
#ooo...[........##
#)To.)...........#
#))o............##
#................#
#......$.........#
#.#..............# #
######@............## #
##...................# ###
#...................## ..#
##...................# ..#
###..................# ..###
##.#.................##
..#.#####........#...........#
......#.##...........#.......#
.........##...........##.....##


You could see 6 orc priests, 2 orcs and a friendly troll (berserk).

Vanquished Creatures
  Rupert (Orc:4)
  A frost giant (Orc:3)
  Fannar (Orc:1)
  An ice dragon (Lair:8)
  10 hydras
  Erica (D:9)
  The ghost of nuthulu the Nimble, a powerful KoBe of Trog (Lair:1)
  8 death yaks
  A fire crab (Lair:6)
  16 hill giants (Orc:3)
  An orc knight (Orc:3)
  Pikel (D:8)
  2 lindwurms (Lair:8)
  A griffon (Lair:3)
  An orc sorcerer (Orc:3)
  3 cyclopes (Orc:3)
  Maurice (Orc:3)
  2 centaur zombies (D:10)
  4 black mambas
  5 torpor snails (Lair:8)
  Psyche (D:10)
  11 spiny frogs
  4 fire drakes
  8 komodo dragons
  3 giant leeches (Lair:8)
  2 two-headed ogres
  9 polar bears (Lair:8)
  Grinder (D:4)
  A troll (Orc:3)
  29 blink frogs
  2 raiju (Lair:8)
  A wandering mushroom (Lair:5)
  A boulder beetle (Lair:8)
  Sigmund (D:2)
  2 deep elf magi
  A wraith (Lair:5)
  A spriggan (D:8)
  3 basilisks
  A wyvern (Lair:6)
  13 wolves
  11 hippogriffs
  2 hungry ghosts
  A deep elf fighter (D:10)
  11 wargs
  2 nagas (Lair:3)
  18 yaks
  3 hell hounds (Lair:8)
  11 water moccasins
  11 porcupines
  3 phantoms
  13 orc warriors
  An ice beast (D:10)
  4 wasps
  2 sky beasts (D:5)
  12 black bears
  3 centaurs (D:10)
  2 eyes of draining (D:10)
  A necrophage (D:10)
  13 ogres
  7 crocodiles
  2 slaves (D:8)
  4 brain worms (Lair:8)
  13 giant frogs
  4 wights
  2 scorpions
  9 killer bees
  An electric eel (Orc:3)
  2 giant frog zombies
  5 crimson imps
  2 jellies
  A quasit (D:8)
  Crazy Yiuf (D:4)
  A centaur skeleton (D:7)
  15 hounds
  11 iguanas
  16 orc priests
  Jessica (D:2)
  2 giant frog skeletons
  Natasha (D:2)
  22 orc wizards
  10 worker ants
  16 sheep
  A hound skeleton (D:6)
  A worker ant zombie (D:9)
  7 gnolls
  16 adders
  59 river rats
  4 shadow imps
  An ooze (D:6)
  An adder skeleton (D:5)
  17 worms
  7 giant geckos
  104 orcs
  22 bats
  A bat skeleton (D:4)
  20 goblins
  10 hobgoblins
  14 jackals
  5 ball pythons
  4 giant cockroaches
  3 giant gecko skeletons
  6 giant newts
  11 kobolds
  27 rats
  5 plants
775 creatures vanquished.

Vanquished Creatures (collateral kills)
  Donald (Orc:3)
  Josephine (Lair:5)
  2 catoblepae
  A black mamba (Lair:5)
  A torpor snail (Lair:8)
  2 wraiths (Lair:5)
  4 yaks (Lair:5)
  3 orc warriors (Orc:4)
  A porcupine (Lair:5)
  A crocodile (Lair:5)
  A giant frog (Lair:5)
  4 orc priests (Orc:4)
  3 sheep (Lair:5)
  A worm (Lair:8)
  2 orcs (Orc:4)
28 creatures vanquished.

Vanquished Creatures (others)
  A troll (Lair:8)
  An orc wizard (D:7)
  An orc (Orc:3)
  2 fungi
  11 plants
16 creatures vanquished.

Grand Total: 819 creatures vanquished

Notes
Turn   | Place    | Note
--------------------------------------------------------------
     0 | D:1      | nuthulu the Minotaur Berserker began the quest for the Orb.
     0 | D:1      | Reached XP level 1. HP: 19/19 MP: 0/0
   459 | D:1      | Reached skill level 4 in Fighting
   462 | D:1      | Reached XP level 2. HP: 27/27 MP: 1/1
  1006 | D:2      | Reached XP level 3. HP: 31/33 MP: 2/2
  1150 | D:2      | Noticed Jessica
  1157 | D:2      | Killed Jessica
  1157 | D:2      | Reached XP level 4. HP: 36/41 MP: 3/3
  1159 | D:2      | Acquired Trog's second power
  1213 | D:2      | Noticed Sigmund
  1257 | D:2      | Killed Sigmund
  1257 | D:2      | Reached skill level 5 in Fighting
  1257 | D:2      | Reached XP level 5. HP: 40/50 MP: 4/4
  1429 | D:2      | Reached skill level 6 in Fighting
  1602 | D:2      | Noticed Natasha
  1608 | D:2      | Killed Natasha
  1608 | D:2      | Reached XP level 6. HP: 28/57 MP: 5/5
  1765 | D:2      | Found a sacrificial altar of Ru.
  1972 | D:3      | Reached skill level 1 in Stealth
  2828 | D:3      | Gained mutation: You are occasionally teleported to nearby monsters. [potion of mutation]
  2828 | D:3      | Gained mutation: You have a pair of large horns on your head. [potion of mutation]
  2828 | D:3      | Gained mutation: Your spells are a little harder to cast, but a little more powerful. [potion of mutation]
  2865 | D:3      | Found a deep blue altar of Sif Muna.
  2989 | D:4      | Reached skill level 5 in Maces & Flails
  3057 | D:4      | Found a sparkling altar of Nemelex Xobeh.
  3357 | D:4      | Reached XP level 7. HP: 64/64 MP: 6/6
  3609 | D:4      | Reached skill level 7 in Fighting
  3609 | D:4      | Reached skill level 5 in Dodging
  3861 | D:4      | Noticed Grinder
  3871 | D:4      | Killed Grinder
  3871 | D:4      | Reached XP level 8. HP: 55/73 MP: 7/7
  3949 | D:4      | Noticed Crazy Yiuf
  3955 | D:4      | Killed Crazy Yiuf
  3955 | D:4      | Reached skill level 5 in Armour
  3995 | D:5      | Entered Level 5 of the Dungeon
  4425 | D:5      | Found an iron altar of Okawaru.
  4770 | D:6      | Acquired Trog's third power
  4779 | D:6      | Reached skill level 8 in Fighting
  4779 | D:6      | Reached skill level 1 in Shields
  4805 | D:6      | Found a staircase to the Ecumenical Temple.
  4973 | D:6      | Found a glowing drain.
  5236 | D:6      | Found a shattered altar of Ashenzari.
  5344 | D:6      | Found Zaassuwn's Distillery.
  5348 | D:6      | Bought a potion of resistance for 140 gold pieces
  5348 | D:6      | Bought a potion of invisibility for 112 gold pieces
  5701 | D:7      | Reached XP level 9. HP: 59/81 MP: 8/8
  6155 | D:7      | Reached skill level 5 in Shields
  6168 | D:7      | Identified a scroll of acquirement
  6169 | D:7      | Got an encrusted demon whip
  6170 | D:7      | Identified the +3 demon whip "Qubidac" {flame, *Rage rElec rF+ Dex+5} (You acquired it on level 7 of the Dungeon)
  6403 | D:7      | Found Essoreta's Assorted Antiques.
  6407 | D:7      | Bought a scroll of identify for 50 gold pieces
  6756 | D:8      | Reached skill level 9 in Maces & Flails
  7383 | D:8      | Noticed Pikel
  7394 | D:8      | Killed Pikel
  7394 | D:8      | Reached XP level 10. HP: 85/91 MP: 9/9
  7576 | D:9      | Reached skill level 10 in Maces & Flails
  7652 | D:9      | Noticed Erica
  7672 | D:9      | Killed Erica
  8162 | D:10     | Entered Level 10 of the Dungeon
  8281 | D:10     | Reached skill level 11 in Maces & Flails
  8380 | D:10     | Found a staircase to the Orcish Mines.
  8491 | D:10     | Reached skill level 10 in Fighting
  8599 | D:10     | Noticed Psyche
  8606 | D:10     | Killed Psyche
  8627 | D:10     | Found a staircase to the Lair.
  8663 | D:10     | Received a gift from Trog
  8663 | D:10     | Reached XP level 11. HP: 97/101 MP: 10/10
  9029 | Lair:1   | Entered Level 1 of the Lair of Beasts
  9108 | Lair:1   | Noticed an eight-headed hydra
  9117 | Lair:1   | Killed an eight-headed hydra
  9187 | Lair:1   | Noticed nuthulu's ghost (powerful KoBe)
  9219 | Lair:1   | Killed nuthulu's ghost
  9219 | Lair:1   | Reached skill level 12 in Maces & Flails
  9219 | Lair:1   | Reached skill level 10 in Shields
 10356 | Lair:2   | Received a gift from Trog
 10818 | Lair:3   | Reached skill level 13 in Maces & Flails
 10858 | Lair:3   | Reached XP level 12. HP: 105/110 MP: 11/11
 10949 | Lair:3   | Reached skill level 10 in Armour
 11097 | Lair:3   | Found a staircase to the Snake Pit.
 11231 | Lair:3   | Noticed a five-headed hydra
 11238 | Lair:3   | Killed a five-headed hydra
 11287 | Lair:3   | Noticed a six-headed hydra
 11300 | Lair:3   | Killed a six-headed hydra
 11866 | Lair:4   | Received a gift from Trog
 12001 | Lair:4   | Found a staircase to the Swamp.
 12436 | Lair:5   | Noticed a catoblepas
 12451 | Lair:5   | Noticed Josephine
 12490 | Lair:5   | HP: 5/113 [catoblepas (7)]
 12499 | Lair:5   | Killed a catoblepas
 12558 | Lair:5   | Reached skill level 14 in Maces & Flails
 12574 | Lair:5   | Killed Josephine
 12872 | Lair:5   | Reached XP level 13. HP: 119/119 MP: 12/12
 13349 | Lair:6   | Received a gift from Trog
 15033 | Lair:8   | Entered Level 8 of the Lair of Beasts
 15138 | Lair:8   | Reached skill level 15 in Maces & Flails
 15150 | Lair:8   | Received a gift from Trog
 15402 | Lair:8   | Found a glowing golden altar of the Shining One.
 15595 | Lair:8   | Found a staircase to the Slime Pits.
 15596 | Lair:8   | Found a viscous altar of Jiyva.
 15715 | Lair:8   | Received a gift from Trog
 15715 | Lair:8   | Reached XP level 14. HP: 119/130 MP: 13/13
 16080 | Lair:8   | Got a brightly glowing jade ring
 16082 | Lair:8   | Identified the ring of the Raven {*Corrode rC+ AC+3 Int-2 Stlth+} (You found it on level 8 of the Lair of Beasts)
 16109 | Lair:8   | Reached skill level 15 in Shields
 16433 | Lair:8   | Found a runed door.
 16582 | Lair:8   | Reached skill level 16 in Maces & Flails
 16596 | Lair:8   | Lost intelligence.
 16683 | Lair:8   | Lost intelligence.
 17170 | Orc:1    | Entered Level 1 of the Orcish Mines
 17195 | Orc:1    | Found Pacacu's Jewellery Emporium.
 17209 | Orc:1    | Bought the ring of the Traitor {+Inv rC++ Stlth+} for 687 gold pieces
 17209 | Orc:1    | Bought the amulet of Guf Xoc {Faith -Tele +Fly rElec rN++} for 732 gold pieces
 17292 | Orc:1    | Lost mutation: You have a pair of large horns on your head. [potion of cure mutation]
 17292 | Orc:1    | Lost mutation: Your spells are a little harder to cast, but a little more powerful. [potion of cure mutation]
 17292 | Orc:1    | Lost mutation: You are occasionally teleported to nearby monsters. [potion of cure mutation]
 17310 | Orc:1    | Found a roughly hewn altar of Beogh.
 17310 | Orc:1    | Noticed Fannar
 17323 | Orc:1    | Killed Fannar
 17630 | Orc:2    | Received a gift from Trog
 18179 | Orc:3    | Paralysed by an orc sorcerer for 4 turns
 18203 | Orc:3    | Noticed Maurice
 18211 | Orc:3    | Killed Maurice
 18402 | Orc:3    | Noticed Donald
 18413 | Orc:3    | Killed Donald
 18805 | Orc:3    | Received a gift from Trog
 19017 | Orc:3    | Noticed a frost giant
 19037 | Orc:3    | Killed a frost giant
 19054 | Orc:3    | Reached skill level 17 in Maces & Flails
 19261 | Orc:3    | Reached skill level 1 in Axes
 19434 | Orc:3    | Reached XP level 15. HP: 126/139 MP: 4/14
 19576 | Orc:3    | Found a staircase to the Elven Halls.
 19821 | Orc:4    | Entered Level 4 of the Orcish Mines
 20016 | Orc:4    | Found Odefeski's Book Boutique.
 20049 | Orc:4    | Received a gift from Trog
 20176 | Orc:4    | Noticed Rupert
 20188 | Orc:4    | Killed Rupert
 20204 | Orc:4    | HP: 2/139 [orc priest/divine providence (14)]
 20206 | Orc:4    | Killed from afar by an orc priest

Vault maps used:
D:1:      grunt_arrival_crossed_arrows, hangedman_decor_opposing
D:2:      nicolae_ru_path_of_blood, uniq_jessica, uniq_natasha, uniq_sigmund
D:3:      lemuel_upstairs_altar, lemuel_blue_sif_altar
D:4:      nemelex_lonely_heart_becter, uniq_grinder, uniq_crazy_yiuf_cottage
D:5:      first_bread, okawaru_metal_pillars_3
D:6:      evilmike_ruin_ashenzari, minmay_temple_entry_large_hall, serial_shops,
          nicolae_shop_statue_plus, portal_sewer_entry_a
D:7:      serial_shops, nicolae_shop_trees
D:8:      wad_cavern_with_rooms, grunt_pizzeria, minmay_misc_feat_columns,
          uniq_pikel
D:9:      uniq_erica
D:10:     grunt_lair_entry_elf_guard_hut, uniq_psyche
Lair:3:   guppyfry_snake_entry_island, infiniplex_staircase_pool_2,
          grunt_megastairs_4
Lair:4:   swamp_mist
Lair:5:   uniq_josephine
Lair:6:   minivault_23
Lair:7:   st_stairs_12
Lair:8:   wormcave, hangedman_lair_caniforms_friends, slime_altar_1, basic_altar
Orc:1:    basic_altar, serial_shops, shop, uniq_fannar
Orc:3:    giant_chief_lemuel, nicolae_orc_pool_cavern, uniq_donald, uniq_maurice
Orc:4:    st_orc_pillars, serial_shops,
          nicolae_shop_temple_entry_statues_fountains, lemuel_statue_altar,
          uniq_rupert

Action                   |  1- 3 |  4- 6 |  7- 9 | 10-12 | 13-15 || total
-------------------------+-------+-------+-------+-------+-------++-------
Melee: Mace              |    40 |    98 |   219 |       |       ||   357
       Flail             |       |       |    74 |       |       ||    74
       Demon whip        |       |       |   106 |   750 |   901 ||  1757
       Battleaxe         |       |       |       |       |    38 ||    38
       Great mace        |       |       |       |       |    60 ||    60
Invok: Berserk           |     1 |     2 |     1 |       |     1 ||     5
       Burn Spellbooks   |       |     1 |       |     5 |     3 ||     9
       Brothers in Arms  |       |       |     1 |     5 |     3 ||     9
 Abil: Evoke Invisibilit |       |       |       |       |     1 ||     1
  Use: Scroll            |     5 |     5 |    12 |     7 |     5 ||    34
       Potion            |       |     6 |     2 |     5 |     7 ||    20
 Stab: Sleeping          |       |     1 |       |       |       ||     1
       Fleeing           |       |       |       |       |     2 ||     2
  Eat: Chunk             |     1 |     8 |     5 |     7 |    10 ||    31
       Royal jelly       |       |     1 |     1 |       |     4 ||     6
       Bread ration      |       |       |     2 |     1 |     1 ||     4
       Pizza             |       |       |     1 |     1 |     1 ||     3
       Fruit             |       |       |       |     1 |     1 ||     2
       Meat ration       |       |       |       |     1 |       ||     1
